Map: 포트 알렉산더 - 래더

Players

lllllllllll (sOs) - Winner!

  • Race: Protoss Protoss
  • League: Master
  • Spawn Location: 11:00

soO

  • Race: Zerg Zerg
  • Spawn Location: 5:00

Event: IEM Season 13 - Katowice Server Qualifiers Asia 2

VOD

Have the link to the VOD?

Description

Time

  • Played on: Jan. 22, 2019, 6:29 a.m.
  • Length: 13:59

All games in this series

Show
View Real Time Build Order
Export as new Build Order

lllllllllll Protoss - Winner!

Build Orders: 1 Gate Expand, Phoenix Opening, Archon Immortal, Archon Drop, Dark Templar Rush 

Get SALT Encoding   

  12  0:00  Probe  
  13  0:12  Probe  
  14  0:18  Pylon  
  14  0:24  Probe  
  15  0:32  Probe  
  15  0:37  Gateway  
  15  0:40  Probe  
  16  0:47  Assimilator  
  17  0:51  Probe  
  18  1:03  Probe  
  19  1:15  Probe  
  20  1:25  Nexus  
  20  1:34  Cybernetics Core  
  20  1:37  Probe  
  21  1:43  Assimilator  
  21  1:50  Probe  
  22  1:56  Pylon  
  22  2:02  Probe  
  22  2:06  Sentry  
  23  2:14  Warp Gate  
  23  2:15  Probe  
  26  2:28  Probe  
  27  2:31  Stalker  
  27  2:34  Probe  
  27  2:36  Probe  
  29  2:40  Twilight Council  
  29  2:42  Probe  
  31  2:44  Probe, Phoenix  
  33  2:53  Probe  
  33  2:55  Probe  
  35  3:01  Robotics Facility  
  35  3:07  Probe x2  
  37  3:17  Charge  
  37  3:23  Probe x2, Gateway  
  39  3:28  Gateway  
  39  3:35  Gateway  
  39  3:40  Warp Prism, Probe x2  
  41  3:48  Pylon  
  41  3:54  Probe  
  41  3:55  Probe  
  45  3:58  Dark Shrine  
  45  4:08  Pylon  
  45  4:09  Probe  
  46  4:17  Zealot x2  
  46  4:22  Warp Prism  
  46  4:23  Zealot  
  52  4:26  Pylon  
  52  4:27  Zealot  
  54  4:31  Pylon  
  56  4:48  Zealot x4  
  56  4:50  Pylon  
  64  5:00  Probe  
  64  5:01  Probe  
  60  5:23  Probe  
  60  5:24  Assimilator  
  60  5:25  Dark Templar x4  
  60  5:26  Assimilator  
  69  5:30  Immortal  
  69  5:31  Probe  
  69  5:35  Probe  
  75  5:43  Probe  
  75  5:49  Pylon  
  76  5:51  Pylon  
  74  6:00  Gateway x2  
  74  6:01  Immortal  
  74  6:03  Gateway, Archon  
  74  6:04  Archon  
  78  6:16  Sentry x2  
  78  6:18  Nexus  
  82  6:19  Pylon  
  80  6:27  Immortal  
  78  6:46  Sentry, Zealot x3  
  90  6:50  Forge  
  90  7:09  Dark Templar  
  90  7:10  Dark Templar, Zealot x5  
  90  7:13  Archon  
  104  7:15  Protoss Ground Weapons Level 1  
  104  7:19  Observer  
  105  7:36  Zealot x5  
  115  7:40  Stargate  
  115  7:42  Stargate  
  115  7:51  Immortal  
  105  7:55  Probe x2  
  105  7:56  Probe  
  112  8:13  Shield Battery  
  112  8:15  Pylon  
  112  8:16  Pylon  
  112  8:20  Phoenix x2  
  112  8:23  Zealot  
  112  8:24  Immortal, Zealot  
  112  8:25  Phoenix  
  116  8:32  Shield Battery  
  124  8:38  Probe  
  124  8:40  Phoenix  
  125  8:47  Phoenix x2  
  129  8:50  Probe  
  128  9:03  Probe x2  
  128  9:05  Phoenix  
  127  9:12  Phoenix, Protoss Ground Weapons Level 2  
  128  9:18  Immortal  
  128  9:19  Probe  
  128  9:20  Pylon  
  128  9:22  Probe  
  134  9:36  Phoenix  
  136  9:43  Protoss Air Weapons Level 1  
  136  9:47  Probe x2  
  136  9:48  Probe, Pylon  
  136  9:51  Immortal  
  136  9:52  Assimilator  
  139  9:55  Assimilator  
  143  10:07  Robotics Facility  
  143  10:14  Probe x2  
  143  10:15  Probe  
  143  10:21  Templar Archives  
  146  10:26  Probe  
  146  10:27  Probe x2  
  149  10:30  Pylon  
  149  10:32  Phoenix x2, Pylon  
  149  10:34  Immortal  
  153  10:42  Psionic Storm  
  157  10:47  Pylon  
  157  10:48  Probe x2  
  157  10:49  Pylon  
  159  10:51  Pylon  
  159  10:54  Immortal  
  163  11:04  High Templar  
  159  11:24  High Templar x2  
  163  11:33  Immortal  
  161  11:40  High Templar, Zealot x3  
  161  11:41  Zealot  
  161  11:42  Immortal  
  169  11:53  Nexus  
  173  11:55  Pylon  
  165  12:12  Immortal  
  169  12:18  Immortal  
  167  12:44  Zealot x7  
  169  12:47  Immortal  
  169  12:48  Immortal  
  173  13:08  Probe  
  173  13:09  Photon Cannon  
  173  13:11  Photon Cannon  
  170  13:12  Shield Battery  
  170  13:14  Shield Battery  
  168  13:20  High Templar  
  168  13:21  High Templar x5  
  168  13:22  Zealot  
  182  13:30  Archon  
  182  13:31  Archon x2  
  173  13:47  Archon  
  147  13:52  Zealot  
  147  13:53  Zealot x6  
Show
View Real Time Build Order
Export as new Build Order

soO Zerg 

Build Orders: Hatch First 

Get SALT Encoding   

  12  0:01  Drone  
  13  0:12  Overlord  
  13  0:17  Drone  
  14  0:30  Drone  
  14  0:31  Drone  
  14  0:35  Drone  
  17  0:52  Hatchery  
  17  0:55  Drone  
  17  0:58  Drone  
  18  1:08  Extractor  
  17  1:13  Spawning Pool  
  17  1:16  Drone  
  17  1:20  Drone  
  18  1:29  Drone  
  19  1:41  Drone  
  20  1:51  Hatchery  
  20  1:53  Drone  
  20  2:04  Queen  
  20  2:06  Drone  
  23  2:16  Drone  
  23  2:18  Drone  
  23  2:22  Drone  
  26  2:27  Overlord  
  26  2:35  Queen  
  28  2:45  Zergling x4  
  28  2:46  Queen  
  28  2:50  Drone  
  33  2:53  Drone  
  33  2:54  Drone  
  33  2:56  Drone  
  36  3:04  Queen  
  38  3:06  Drone  
  38  3:09  Overlord  
  39  3:16  Drone x2  
  39  3:19  Drone  
  42  3:22  Overlord  
  42  3:27  Overlord  
  42  3:28  Drone x3  
  42  3:30  Drone  
  42  3:34  Drone  
  47  3:40  Lair  
  47  3:42  Drone  
  47  3:43  Drone  
  47  3:47  Drone  
  50  3:51  Drone  
  50  3:52  Roach Warren, Drone  
  50  3:53  Drone x2  
  53  3:56  Drone x2  
  53  3:59  Extractor  
  53  4:01  Drone  
  53  4:02  Extractor  
  54  4:03  Drone x2  
  54  4:08  Drone  
  54  4:09  Overlord  
  57  4:13  Overlord  
  57  4:29  Drone  
  57  4:30  Drone  
  59  4:31  Roach x7  
  73  4:38  Overseer  
  73  4:40  Glial Reconstitution  
  73  4:43  Drone  
  73  4:44  Drone x2  
  73  4:45  Overlord, Drone  
  77  4:47  Extractor x2  
  77  4:51  Drone x2  
  77  4:58  Roach x2  
  81  5:00  Evolution Chamber  
  81  5:03  Evolution Chamber  
  81  5:06  Overlord  
  77  5:07  Roach x2  
  73  5:23  Roach x5  
  87  5:35  Roach x5  
  97  5:36  Overlord  
  97  5:37  Drone  
  97  5:42  Overlord  
  90  5:45  Overlord  
  90  5:48  Overseer  
  86  5:59  Spire  
  86  6:01  Drone  
  86  6:05  Drone x7  
  86  6:06  Drone  
  86  6:07  Drone  
  95  6:12  Hatchery  
  95  6:15  Drone  
  95  6:16  Drone x3  
  98  6:30  Queen  
  98  6:33  Overlord x2  
  98  6:36  Extractor  
  98  6:37  Overlord  
  98  6:38  Overlord  
  97  6:40  Overlord  
  88  6:47  Queen  
  88  6:49  Drone x2  
  92  6:59  Roach x4  
  99  7:01  Roach  
  99  7:07  Ravager x2  
  103  7:13  Roach x2  
  107  7:24  Roach x3  
  107  7:25  Roach  
  117  7:35  Roach  
  117  7:36  Roach  
  121  7:41  Roach x4  
  127  7:44  Ravager  
  127  7:45  Ravager x2  
  128  8:00  Mutalisk x4  
  128  8:05  Mutalisk  
  136  8:08  Overlord  
  138  8:13  Hatchery  
  138  8:15  Evolution Chamber x2  
  129  8:21  Roach x5  
  129  8:22  Roach  
  141  8:35  Roach x2  
  141  8:39  Roach  
  141  8:40  Spine Crawler  
  146  8:42  Spine Crawler, Zerg Missile Weapons Level 1  
  146  8:44  Roach  
  146  8:47  Roach x3  
  153  8:53  Roach x4  
  161  8:58  Overlord  
  159  9:10  Hydralisk Den  
  152  9:18  Overlord  
  152  9:19  Roach  
  152  9:22  Overlord  
  154  9:26  Drone  
  154  9:27  Spore Crawler  
  154  9:29  Spore Crawler  
  154  9:30  Spore Crawler  
  152  9:33  Spore Crawler  
  151  9:40  Grooved Spines  
  151  9:43  Extractor  
  148  9:45  Hydralisk  
  148  9:46  Hydralisk x5  
  148  9:49  Hydralisk  
  162  9:53  Drone  
  162  9:54  Overlord, Drone  
  162  9:59  Overlord  
  164  10:00  Drone x3  
  167  10:08  Hydralisk x3  
  167  10:09  Hydralisk  
  175  10:19  Drone x2  
  177  10:31  Hydralisk x3  
  183  10:37  Hydralisk x2  
  183  10:39  Hatchery  
  183  10:49  Metabolic Boost  
  183  10:50  Queen  
  183  10:51  Drone  
  183  10:52  Muscular Augments  
  183  10:53  Overseer  
  186  11:02  Overlord  
  186  11:04  Roach x4  
  192  11:05  Overlord  
  192  11:08  Overlord  
  192  11:09  Overseer  
  192  11:11  Overlord  
  182  11:23  Hydralisk x2  
  182  11:24  Roach x5, Hydralisk  
  190  11:31  Hydralisk  
  188  11:58  Hydralisk x4  
  196  12:03  Overlord  
  193  12:14  Hydralisk x2  
  193  12:27  Hydralisk x3  
  193  12:28  Zergling x4  
  193  12:29  Zergling x12  
  186  12:41  Hydralisk x2  
  190  12:45  Zergling x20  
  200  12:54  Hydralisk  
  200  12:55  Hydralisk  
  200  12:57  Hydralisk x2  
  197  13:00  Hydralisk  
  195  13:14  Overlord  
  195  13:23  Hatchery, Zergling x4  
  195  13:26  Hydralisk x2  
  189  13:28  Hydralisk  
  189  13:33  Overlord  
  183  13:39  Zergling x2  

Tags
 
Add a new tag
Caveats
  • Supply blocks, unpowered buildings, or Contaminate may cause inaccurate times.
  • Supply counts are checked every 10 seconds.